[Event "*** Titled Tuesday Blitz"]
[Site "Chess.com"]
[Date "2019.07.02"]
[Round "2"]
[White "chessdjw"]
[Black "Zubrrr"]
[Result "0-1"]
[WhiteElo "2707"]
[BlackElo "2727"]
[TimeControl "180+2"]
[EndTime "13:25:41 PDT"]
[Termination "Zubrrr won by resignation"]

1. Nf3 d6 2. d4 Nc6 3. d5 Nb8 4. c4 g6 5. Nc3 Bg7 6. e4 Nf6 7. h3 O-O 8. Bd3 a5 9. O-O Nfd7 10. Be3 Na6 11. Rc1 Nac5 12. Bb1 e6 13. b3 Qe7 14.
Re1 e5 15. a3 a4 16. b4 Nb3 17. Rc2 Nb6 18. Nb5 f5 19. c5 f4 20. cxd6 Qf6 21.
Bxb6 cxb6 22. Rc7 Rd8 23. Bd3 Rb8 24. Qc2 Bd7 25. Rxd7 Rxd7 26. Qc4 h5 27. Bc2 g5 28. Nh2 Qg6 29. Bxb3 axb3 30. Qxb3 g4 31. hxg4 hxg4 32. f3 gxf3 33. Qxf3 Rc8 34. Ng4 Rc2 35. Qh3 Rf7 36. Rf1 Qxe4 37. d7 Rxd7 38. Nf2 Qxd5 39. Rd1 Rd2 40. Rxd2 Qxd2 41. Qe6+ Kf8 42. Ne4 Qe1+ 43.
Kh2 Qh4+ 44. Qh3 Qxh3+ 45. Kxh3 Rd3+ 46. Kg4 Ke7 47. a4 Rb3 48. Nbc3 Ke6 49. b5 Bf6 50. Kf3 Be7 51. Kg4 Ra3 52. Kh5 Kf5 53. g4+ fxg3 54. Nxg3+ Ke6 55. Nge4 Bb4 56. Ng5+ Kf5 57. Nce4 Be7 58. Kh6 Re3 59. a5 bxa5 60. b6 Rxe4 61. Kh5 Rf4 0-1

[Event "*** Titled Tuesday Blitz"]
[Site "Chess.com"]
[Date "2019.07.02"]
[Round "2"]
[White "babadroga92"]
[Black "SanchezKelvin"]
[Result "1-0"]
[WhiteElo "2619"]
[BlackElo "2391"]
[TimeControl "180+2"]
[EndTime "13:25:44 PDT"]
[Termination "babadroga92 won by resignation"]

1. e4 c5 2. Nf3 d6 3. d4 cxd4 4. Qxd4 Nc6 5. Bb5 Qa5+ 6. Nc3 Qxb5 7. Nxb5 Nxd4 8. Nfxd4 Kd8 9. O-O Bd7 10. a4 Nf6 11.
Re1 a6 12. Nc3 e5 13. Nb3 h6 14. Be3 Kc7 15. Na5 Be6 16. Rad1 Be7 17. Nd5+ Nxd5 18.
exd5 Bf5 19. Rc1 Bd7 20. Nc4 Raf8 21. Nb6 Bg4 22. f3 Bh5 23. c4 f5 24. b4 Bg5 25. c5 Bxe3+ 26. Rxe3 Be8 27. Ra1 a5 28. Nc4 axb4 29. Nxd6 e4 30. fxe4 fxe4 31. Rxe4 b6 32. Nxe8+ Rxe8 33. cxb6+ Kxb6 34. Rxb4+ Ka5 35. Rb5+ Ka6 36.
d6 Rhf8 37. Rf1 Rxf1+ 38. Kxf1 Rd8 39. Rd5 Kb6 40. Ke2 Kc6 41. Rd4 Kd7 42. Kd3 Rb8 43.
Kc3 Rb1 44. a5 g5 45. h4 Rg1 46. hxg5 hxg5 47. Rg4 Kxd6 48. Rxg5 Kc6 49. Kc4 Rc1+ 50.
Kd4 Re1 51. g4 Re2 52. Re5 Rd2+ 53. Ke3 Ra2 54. Kf4 Kd6 55. Rb5 Ke6 56. Rb6+ Kf7 57.
a6 Ra5 58. g5 Kg7 59. Kg4 Ra1 60. Kf5 Ra5+ 61. Ke6 Rxg5 62. Kd7 Ra5 63. Kc7 Kf7 64. Kb7 Ke7 65. a7 1-0

[Event "*** Titled Tuesday Blitz"]
[Site "Chess.com"]
[Date "2019.07.02"]
[Round "2"]
[White "Karina_Ivanova"]
[Black "letsgoband"]
[Result "0-1"]
[WhiteElo "2181"]
[BlackElo "2277"]
[TimeControl "180+2"]
[EndTime "13:25:45 PDT"]
[Termination "letsgoband won by checkmate"]

1. Nf3 d5 2. g3 c6 3. Bg2 h6 4. O-O Bf5 5. c4 e6 6. cxd5 exd5 7. d3 Nf6 8. Nc3 Be7 9. Qb3 Qb6 10. Qc2 O-O 11.
e4 dxe4 12. dxe4 Bh7 13. Be3 Bc5 14. Na4 Bxe3 15. Nxb6 Bxb6 16. Nd2 Na6 17. a3 Rfe8 18. b4 Nc7 19. Rfe1 Ng4 20. Re2 Ne6 21. Nb3 Rad8 22. Rd1 Nf6 23. Kf1 Ng5 24. f3 Nd5 25. Nc5 Bxc5 26.
bxc5 Ne6 27. Qc1 Ndc7 28. Red2 Rxd2 29. Rxd2 Na6 30. Rc2 Nd4 31. Rc4 Ne6 32. Qe3 f5 33.
Bh3 fxe4 34. Bxe6+ Rxe6 35. fxe4 Nc7 36. Qf4 Rf6 37. e5 Rxf4+ 38. gxf4 Nd5 39. Ke2 Kf8 40. Kf3 Ke7 41. Rd4 Ke6 42. Rd2 b5 43. cxb6 axb6 44. a4 c5 45. Rb2 c4 46. Rg2 c3 47. Rxg7 c2 48. Rg1 Nc3 49. Ke3 Na2 50. Kd2 c1=Q+ 51. Rxc1 Nxc1 52. Kxc1 Kf5 53. Kd2 Kxf4 54. e6 Bg6 55.
Kc3 Ke5 56. e7 Be8 57. Kb4 Ke6 58. a5 bxa5+ 59. Kxa5 Kxe7 60. Kb4 Ke6 61. Kc4 Ke5 62. Kd3 Kf4 63. Ke2 Kg4 64. Kf2 Kh3 65. Kg1 Bc6 66.
Kf2 Kxh2 67. Ke3 h5 68. Kf4 h4 69. Kg4 h3 70. Kh5 Kg2 71. Kh6 h2 72. Kh7 h1=Q+ 73. Kg8 Qf1 74. Kh8 Qf6+ 75. Kh7 Qg5 76. Kh8 Bd5 77. Kh7 Kf3 78. Kh8 Qg8# 0-1

[Event "*** Titled Tuesday Blitz"]
[Site "Chess.com"]
[Date "2019.07.02"]
[Round "2"]
[White "AbasovN"]
[Black "Gubajdullin"]
[Result "1-0"]
[WhiteElo "2886"]
[BlackElo "2601"]
[TimeControl "180+2"]
[EndTime "13:25:53 PDT"]
[Termination "AbasovN won on time"]

1. e4 c6 2. d4 d5 3. exd5 cxd5 4. Bd3 Nc6 5. c3 Nf6 6. Na3 Bg4 7. Qb3 Qc8 8. h3 Bh5 9. Bf4 a6 10. Ne2 e6 11. Nc2 Be7 12. Ne3 O-O 13. O-O b5 14. Rfe1 Na5 15. Qc2 Nc4 16. Bg5 Bg6 17. Nf4 Bxd3 18.
Nxd3 Re8 19. Bxf6 Bxf6 20. Nc5 Bg5 21. Nxc4 bxc4 22. b4 Qc7 23. g3 e5 24. Qf5 Bd2 25. Rxe5 Rxe5 26. dxe5 Bxc3 27. Rd1 Bxb4 28. Nd7 c3 29. e6 fxe6 30. Qxe6+ Kh8 31. Ne5 Rf8 32. Rd4 Qe7 33. Qxd5 c2 34. Rc4 Bd6 35. Nd3 Bxg3 36. Rxc2 Bb8 37. Kf1 Qf6 38. Qe4 Qa1+ 39. Kg2 Qf6 40.
Rc5 h6 41. Qg4 Qd6 42. Rf5 Qh2+ 43. Kf1 Qh1+ 44. Ke2 Re8+ 45. Kd2 Qa1 46. Qc4 Rd8 47. Rd5 Rf8 48. f4 Qf6 49. f5 Qg5+ 50. Kc3 Qg1 51. Kb3 Qb1+ 52. Ka4 Bg3 53. Qb3 Qf1 54. Nc5 1-0

[Event "*** Titled Tuesday Blitz"]
[Site "Chess.com"]
[Date "2019.07.02"]
[Round "2"]
[White "TenisMaster"]
[Black "Azatnew"]
[Result "1-0"]
[WhiteElo "2838"]
[BlackElo "2591"]
[TimeControl "180+2"]
[EndTime "13:25:53 PDT"]
[Termination "TenisMaster won by resignation"]

1. e4 c5 2. Nf3 d6 3. d4 cxd4 4. Nxd4 Nf6 5. Nc3 a6 6. h4 e5 7.
Nb3 Be7 8. Bg5 Be6 9. Bxf6 Bxf6 10. g3 g6 11. Bh3 Nc6 12. Qd2 Rc8 13. O-O-O Bxh3 14. Rxh3 Be7 15. h5 Qd7 16. Rh2 Qg4 17. Kb1 g5 18.
Re1 h6 19. Nd5 Qe6 20. Rd1 g4 21. Qe2 Bg5 22. f4 gxf3 23. Qxf3 O-O 24. g4 b5 25. Rf2 Kg7 26. Qf5 a5 27. c3 a4 28.
Na1 Ne7 29. Qf3 Rc5 30. Nc2 Nxd5 31. exd5 Qc8 32. a3 Rc4 33. Re1 Qxg4 34. Qh1 Qh4 35. Qf1 Qxh5 36. Ne3 Rf4 37. Nf5+ Kh7 38. Ka2 Qg6 39.
Rxf4 Bxf4 40. Nh4 Qg4 41. Qd3+ Kh8 42. Nf5 Qg6 43. Rh1 Bg5 44. Qf3 Re8 45. Qe4 Rc8 46.
Qf3 Re8 47. Qe4 Rc8 48. Qf3 Rc4 49. Ng3 Rf4 50. Qe2 Rc4 51. Rf1 Kg8 52. Nh5 Qe4 53.
Qd1 Rc5 54. Ka1 Qxd5 55. Qg4 Qc4 56. Nf6+ Kg7 57. Nh5+ Kg6 58. Qf5+ Kxh5 59. Rh1+ Qh4 60. Qxf7+ Kg4 61. Rg1+ Qg3 62. Qe6+ Kh4 63. Rh1+ 1-0

[Event "*** Titled Tuesday Blitz"]
[Site "Chess.com"]
[Date "2019.07.02"]
[Round "2"]
[White "BlueWizzard"]
[Black "Semen_Khanin"]
[Result "1-0"]
[WhiteElo "2720"]
[BlackElo "2718"]
[TimeControl "180+2"]
[EndTime "13:25:55 PDT"]
[Termination "BlueWizzard won by resignation"]

1. e4 e5 2. Nf3 Nc6 3. Bc4 Bc5 4.
c3 Nf6 5. d4 exd4 6. e5 d5 7. Be2 Ne4 8. cxd4 Bb6 9. Nc3 O-O 10.
O-O f5 11. exf6 Nxf6 12. h3 Bf5 13. Na4 Qd7 14. Ne5 Nxe5 15. dxe5 Ne4 16. Nxb6 axb6 17. Be3 c5 18. Qb3 Be6 19. Qxb6 d4 20. Bd3 Bd5 21. e6 Qe7 22. Bxe4 Bxe4 23. Bd2 Ra6 24. Qb3 Rxe6 25. Rae1 Kh8 26. f3 Bf5 27. g4 Qh4 28.
Kg2 Rxe1 29. Bxe1 Qg5 30. Qxb7 h5 31. Qd5 Qg6 32. Bg3 Bd3 33. Re1 Qh6 34. Qxc5 Qd2+ 35. Bf2 Be2 36. Qxh5+ Kg8 37. Qd5+ Kh8 38. Kg1 Bxf3 39.
Qxd4 Qh6 40. h4 Qg6 41. g5 Qh5 42. Re7 Qg6 43. Kh2 Bc6 44. Kg1 Qb1+ 45. Re1 Qf5 46.
Re7 Qb1+ 47. Be1 Qg6 48. Bc3 Qb1+ 49. Re1 Qg6 50. Qe5 Qf7 51. Bd4 Re8 52. Qxg7+ Qxg7 53. Rxe8+ Bxe8 54. Bxg7+ Kxg7 55. Kf2 Kg6 56. Kg3 Kh5 57. b4 Bb5 58. Kf4 Kxh4 59. g6 Kh5 60. g7 Bc4 61. b5 Kg6 62. b6 Kxg7 63. b7 1-0

[Event "*** Titled Tuesday Blitz"]
[Site "Chess.com"]
[Date "2019.07.02"]
[Round "2"]
[White "Quiet_Desperation"]
[Black "MFBerna"]
[Result "1/2-1/2"]
[WhiteElo "2472"]
[BlackElo "2405"]
[TimeControl "180+2"]
[EndTime "13:25:55 PDT"]
[Termination "Game drawn by repetition"]

1. e4 c6 2. Nf3 d5 3. Nc3 dxe4 4. Nxe4 Nf6 5. Nxf6+ exf6 6. d4 Bd6 7. Bd3 O-O 8.
Be3 Re8 9. c3 Bf4 10. Qd2 Qe7 11. Kf1 Bxe3 12. fxe3 Nd7 13. e4 Nf8 14. Kf2 c5 15. Rhe1 Bd7 16. Kg1 Rad8 17. d5 b5 18. b3 Ng6 19. c4 bxc4 20. Bxc4 Ne5 21. Nxe5 Qxe5 22. Qf2 Rc8 23. Rac1 g6 24. Ba6 Rc7 25. Rxc5 Rxc5 26. Qxc5 f5 27. Qxa7 Qc3 28. Rf1 Rd8 29. Qb6 Rf8 30. exf5 Bxf5 31. Bc4 Re8 32. d6 Re1 33.
Qf2 Rxf1+ 34. Bxf1 Qc1 35. h3 Qd1 36. Qf4 Bd3 37. Qf2 Bxf1 38. Qxf1 Qxd6 39. a4 Qb6+ 40. Kh2 Qxb3 41. Qa1 Qb8+ 42. Kh1 Qa8 43. a5 Qa6 44. Qa3 h5 45. Qb4 Qf1+ 46. Kh2 Qa6 47.
Qb6 Qf1 48. Qd8+ Kh7 49. Qd4 Qa6 50. Qb6 Qf1 51. Qd4 Qa6 52. Qc3 Qd6+ 53. Kg1 Qd1+ 54. Kf2 Qa4 55. Qd2 Qa3 56. Kg1 Qa1+ 57. Kf2 Qa3 58.
Ke2 Qa4 59. Ke1 Qa1+ 60. Kf2 Qa3 1/2-1/2

[Event "*** Titled Tuesday Blitz"]
[Site "Chess.com"]
[Date "2019.07.02"]
[Round "2"]
[White "telarubo96"]
[Black "dmosesov"]
[Result "0-1"]
[WhiteElo "2307"]
[BlackElo "2509"]
[TimeControl "180+2"]
[EndTime "13:26:01 PDT"]
[Termination "dmosesov won by checkmate"]

1. e4 c5 2. c3 d5 3. exd5 Qxd5 4. d4 g6 5. Nf3 Bg7 6. Na3 cxd4 7. Bc4 Qe4+ 8. Be3 Nh6 9. cxd4 O-O 10. O-O Bg4 11. Nd2 Qxe3 12. fxe3 Bxd1 13. Raxd1 Nc6 14. Ne4 Rad8 15. Nb5 Ng4 16. Rfe1 Bh6 17. Rd3 Na5 18. Bb3 a6 19. Nbc3 Nxb3 20. axb3 e5 21. d5 f5 22. Nf2 Nf6 23. e4 b5 24. exf5 b4 25. Nce4 Nxe4 26.
Rxe4 Rxf5 27. Ng4 Bg7 28. Rxb4 h5 29. Ne3 Rf7 30. Rb6 Kh7 31. Rxa6 e4 32. Rd1 Bxb2 33. Nc4 Bc3 34. d6 Bb4 35. Rc6 Rfd7 36. Ne5 Rxd6 37.
Rdxd6 Rxd6 38. Rxd6 Bxd6 39. Nc4 Bc5+ 40. Kf1 g5 41.
Ke2 Kg6 42. h3 Kf5 43. g3 g4 44. hxg4+ Kxg4 45. Ne3+ Kxg3 46. Nf1+ Kg2 47. Nd2 h4 48. Nxe4 h3 49. Nxc5 h2 50. Kd3 h1=Q 51. Kc4 Qc1+ 52. Kb5 Kf3 53. b4 Kg4 54. Kc6 Kf5 55. b5 Qh6+ 56. Kc7 Ke5 57. b6 Qd6+ 58. Kb7 Qxc5 59.
Ka8 Kd6 60. b7 Qa5+ 61. Kb8 Kc6 62. Kc8 Qc7# 0-1

[Event "*** Titled Tuesday Blitz"]
[Site "Chess.com"]
[Date "2019.07.02"]
[Round "2"]
[White "Chesstrainer1"]
[Black "ChainsOfFantasia"]
[Result "0-1"]
[WhiteElo "2407"]
[BlackElo "2465"]
[TimeControl "180+2"]
[EndTime "13:26:01 PDT"]
[Termination "ChainsOfFantasia won by resignation"]

1. d4 Nf6 2. c4 e6 3. g3 d5 4. Bg2 Be7 5. Nf3 O-O 6. O-O dxc4 7. Ne5 c5 8. dxc5 Qc7 9. Nxc4 Rd8 10. Nbd2 Nc6 11.
Qa4 Bxc5 12. Nb3 Nd4 13. Nxd4 Bxd4 14. Bf4 e5 15. Bg5 b5 16. Qa5 Qxa5 17. Nxa5 Bg4 18. Bxa8 Rxa8 19. Nc6 Bxe2 20. Rfe1 Bf3 21. Nxe5 Bb7 22.
Rab1 Ne4 23. Be3 Bxe5 24. f3 Nd6 25. Bc5 Nc4 26. b3 Bd6 27. Bxd6 Nxd6 28. Re7 Bxf3 29.
Rc1 h6 30. Rcc7 a5 31. Rcd7 Ra6 32. Rd8+ Kh7 33. Red7 Ne4 34. Rxf7 Bh5 35. Re7 Ng5 36. Rdd7 Rg6 37. Kf2 Nh3+ 38. Ke3 a4 39. bxa4 bxa4 40.
Ra7 Bd1 41. Red7 Bc2 42. Rdc7 Bd1 43. Rd7 Bg4 44. Rd8 Ng5 45. Rxa4 Re6+ 46. Kd4 Nf3+ 47. Kc5 Nxh2 48. Raa8 h5 49. Rab8 Nf1 50. Rd3 Kh6 51.
a4 Re5+ 52. Kb6 Re6+ 53. Kc7 Be2 54. Rc3 Kg5 55. a5 Kg4 56. Rb6 Re7+ 57. Kd6 Ra7 58. Rb4+ Kg5 59. Rc5+ Kh6 60. Rb6 Nxg3 61. Ke5+ g6 62. Kf6 Ne4+ 0-1

[Event "*** Titled Tuesday Blitz"]
[Site "Chess.com"]
[Date "2019.07.02"]
[Round "2"]
[White "narutosmith"]
[Black "x-6099009240"]
[Result "1-0"]
[WhiteElo "2206"]
[BlackElo "2306"]
[TimeControl "180+2"]
[EndTime "13:26:05 PDT"]
[Termination "narutosmith won by checkmate"]

1. d4 d5 2. c4 dxc4 3. Nf3 Nf6 4. Nc3 a6 5. a4 c6 6. e4 b5 7. axb5 cxb5 8. e5 Nd5 9. Nxb5 axb5 10. Rxa8 Bb7 11.
Ra1 e6 12. Be2 Bb4+ 13. Bd2 Be7 14. O-O Nc6 15. Qc1 O-O 16. b3 c3 17. Bxc3 Nxc3 18.
Qxc3 Nb4 19. Rfd1 Nd5 20. Qd3 b4 21. Qb5 Ba8 22. Qd3 Nc3 23. Rd2 Be4 24. Qe3 Bd5 25.
Bc4 Bxf3 26. Qxf3 Bg5 27. Rd3 Qb6 28. Ra6 Qc7 29. Ra8 Be7 30. Rxf8+ Bxf8 31. g3 g6 32. Qa8 Kg7 33. f4 Qb6 34. Qf3 Be7 35.
Kg2 h5 36. Qe3 Qa7 37. d5 Qxe3 38. Rxe3 exd5 39. Ba6 Bc5 40. Rd3 d4 41. Bc4 Kf8 42. Rd2 Ke7 43. Rc2 f6 44. exf6+ Kxf6 45. Rc1 g5 46.
Re1 gxf4 47. gxf4 h4 48. Re6+ Kg7 49. f5 Nd1 50. f6+ Kf8 51. Rc6 Ne3+ 52. Kf3 Nxc4 53. Rxc5 Nd2+ 54. Ke2 Nxb3 55. Rc7 h3 56. Kd3 Ke8 57.
Kc4 Nd2+ 58. Kxd4 Nf3+ 59. Ke4 Nxh2 60. Kf5 Nf3 61. f7+ Kf8 62. Kf6 h2 63. Rc8# 1-0

[Event "*** Titled Tuesday Blitz"]
[Site "Chess.com"]
[Date "2019.07.02"]
[Round "2"]
[White "AndrewMaco"]
[Black "larso"]
[Result "1-0"]
[WhiteElo "2588"]
[BlackElo "2790"]
[TimeControl "180+2"]
[EndTime "13:26:06 PDT"]
[Termination "AndrewMaco won by resignation"]

1. e4 e6 2. d4 d5 3. Nc3 Nf6 4.
e5 Nfd7 5. f4 c5 6. Nf3 Nc6 7.
Be3 Be7 8. Qd2 O-O 9. Bd3 f6 10.
O-O fxe5 11. fxe5 cxd4 12. Nxd4 Ndxe5 13. Rxf8+ Bxf8 14. Be2 Bd7 15. Rf1 Bd6 16. Ndb5 Bb8 17. Bg5 Qe8 18. Kh1 a6 19. Nd4 Bd6 20. Nb3 Qg6 21.
Bh4 Rf8 22. Rxf8+ Bxf8 23. Bg3 Qf6 24. Kg1 Bd6 25. Ne4 Qe7 26. Nxd6 Qxd6 27. Qf4 Qe7 28. Qe3 Nf7 29. c4 h6 30. h3 Qf6 31.
Nc5 d4 32. Nxd7 dxe3 33. Nxf6+ gxf6 34. Bf4 Kg7 35. Bxe3 Nfe5 36. Kf1 Nb4 37. a3 Nbc6 38. b4 Ne7 39. g4 Kg6 40. Ke1 f5 41. Kd2 Nf7 42. Bf3 Nd6 43. Kd3 e5 44. gxf5+ Kxf5 45. Bg4+ Kg6 46. Bc5 Nef5 47. Bf3 Kg5 48. Bxd6 Nxd6 49.
c5 Nb5 50. a4 Nc7 51. Bxb7 Kf4 52.
Bc6 Ne6 53. Bd5 Nc7 54. Bc6 Ne6 55. Bb7 Nc7 56. Bg2 h5 57. c6 h4 58. Kc4 e4 59. b5 e3 60. Bf1 axb5+ 61. axb5 Ne6 62. b6 Kf3 63. c7 Kf2 64. c8=Q Ng5 65. Qf5+ Nf3 66. Kd3 e2 67. Bxe2 Ke1 68. Bxf3 1-0

[Event "*** Titled Tuesday Blitz"]
[Site "Chess.com"]
[Date "2019.07.02"]
[Round "2"]
[White "Yurovskykh_Oleksandr"]
[Black "marianokar"]
[Result "1/2-1/2"]
[WhiteElo "2533"]
[BlackElo "2449"]
[TimeControl "180+2"]
[EndTime "13:26:08 PDT"]
[Termination "Game drawn - insufficient material"]

1. d4 Nf6 2. Nf3 e6 3. Bf4 d5 4.
e3 Bd6 5. Bg3 c5 6. c3 O-O 7. Nbd2 Nc6 8. Bb5 Ne7 9. Bd3 b6 10.
Qe2 Bb7 11. Rd1 h6 12. e4 Bxg3 13. hxg3 dxe4 14. Nxe4 Nxe4 15. Bxe4 Bxe4 16. Qxe4 Qd5 17. Qxd5 Nxd5 18. Ke2 c4 19. Ne5 b5 20. a3 Rfd8 21. Nc6 Rd6 22. Nb4 Nb6 23. Nc2 a5 24. Ne3 Rc8 25. Rh5 Nd5 26. Nxd5 Rxd5 27. Rxd5 exd5 28. Kd2 f6 29. g4 Kf7 30. Rh1 Rb8 31.
Kc2 Rb7 32. Re1 Rb8 33. Ra1 Ke7 34. Kd2 Kd6 35. Kc2 Rb7 36. Kd2 Rb8 37. Kc2 Re8 38.
Kd2 Kc6 39. f3 Re7 40. Rh1 Kb6 41. g3 Re8 42. f4 Re4 43. Rh5 Kc6 44. g5 hxg5 45.
fxg5 Rg4 46. gxf6 gxf6 47. Rh3 b4 48. axb4 axb4 49. Ke3 Rg5 50. Kf4 Kb5 51. Rh8 Ka4 52.
Rb8 bxc3 53. bxc3 Rh5 54. Rb6 Rh1 55. Rxf6 Kb3 56. Rd6 Kxc3 57. Rxd5 Kd3 58. g4 c3 59. g5 c2 60. Rc5 c1=Q+ 61. Rxc1 Rxc1 62. g6 Kxd4 63. Kf5 Rf1+ 64. Ke6 Rg1 65. Kf7 Ke5 66.
g7 Kf5 67. g8=Q Rxg8 68. Kxg8 1/2-1/2

[Event "*** Titled Tuesday Blitz"]
[Site "Chess.com"]
[Date "2019.07.02"]
[Round "2"]
[White "Fins0905"]
[Black "ElGasanov"]
[Result "0-1"]
[WhiteElo "2736"]
[BlackElo "2714"]
[TimeControl "180+2"]
[EndTime "13:26:12 PDT"]
[Termination "ElGasanov won by resignation"]

1. d4 d5 2. c4 dxc4 3. Nf3 a6 4. a4 Nc6 5. e3 Bg4 6. Bxc4 e6 7. h3 Bh5 8. Nc3 Nf6 9. g4 Bg6 10. Nh4 Nd5 11. Nxg6 hxg6 12. Bd2 Nb6 13. Bf1 e5 14. Bg2 exd4 15. exd4 Qxd4 16. Bxc6+ bxc6 17. Qf3 Qe5+ 18. Be3 Nd5 19. O-O Bd6 20. Rfe1 O-O-O 21. Qg2 Rhe8 22. Nxd5 Qxd5 23. Rec1 Re4 24. Rd1 Qe5 25. Rac1 Kb7 26. Kf1 f5 27. Qf3 Rf8 28. g5 Re8 29. Bd4 Qf4 30. Qxf4 Bxf4 31. Rb1 Bxg5 32. Bxg7 R8e7 33. Bc3 Bf4 34. b4 Bd6 35. b5 Rxa4 36.
bxa6+ Kxa6 37. Rb8 Bc5 38. Rdb1 Bb6 39. Rg8 Rf4 40.
Be1 Re6 41. Rb8 Ka7 42. Rg8 Kb7 43. Rb3 Rc4 44. Rb1 Ka6 45. Rb8 Ka7 46. Rg8 Kb7 47. Rd1 Rd4 48. Rb1 Rd3 49. Kg2 f4 50. Rf8 g5 51.
Rf5 Rd5 52. Rf7 Rh6 53. Bc3 Rd3 54. Be5 Kc8 55. Ra1 Rdxh3 56. Rd1 f3+ 57. Rxf3 Rxf3 58.
Kxf3 Re6 59. Bg3 c5 60. Kg4 Rg6 61. Kf5 Rg8 62. Be5 Rf8+ 63. Bf6 c4 64. f3 c3 65. Rc1 Bd4 0-1

[Event "*** Titled Tuesday Blitz"]
[Site "Chess.com"]
[Date "2019.07.02"]
[Round "2"]
[White "jacky72"]
[Black "Infernal_XaM"]
[Result "0-1"]
[WhiteElo "2626"]
[BlackElo "2879"]
[TimeControl "180+2"]
[EndTime "13:26:14 PDT"]
[Termination "Infernal_XaM won by checkmate"]

1. d4 e6 2. c4 b6 3. e4 Bb4+ 4. Bd2 Bxd2+ 5. Qxd2 d5 6. cxd5 exd5 7.
e5 Ne7 8. Nc3 O-O 9. Nf3 Bg4 10.
Be2 c5 11. h3 Bh5 12. O-O Nbc6 13. dxc5 bxc5 14. Rfe1 Rb8 15. Rac1 Re8 16. Na4 c4 17.
Nd4 Nxd4 18. Bxh5 Nec6 19. Qf4 g6 20. Bd1 Qc7 21. b3 Rxe5 22. Rxe5 Qxe5 23. Qxe5 Nxe5 24. bxc4 dxc4 25. f4 Rb4 26. fxe5 Rxa4 27. a3 Rxa3 28. Rxc4 Nf5 29. Bg4 Ra1+ 30. Kh2 Ne3 31. Rc8+ Kg7 32. Bf3 a5 33. Rc7 Kf8 34. Rc3 Nf1+ 35. Kg1 Nd2+ 36. Kf2 Nxf3 37. Kxf3 a4 38. Rc7 a3 39. Ra7 a2 40. Kg3 Ke8 41. Kg4 h6 42. h4 Kd8 43.
Kg3 Kc8 44. Kg4 Kb8 45. Ra3 Kb7 46. Kg3 Kc6 47. Kg4 Kd5 48. Ra5+ Kd4 49. Kg3 Ke4 50.
Kg4 Kd3 51. Kg3 Kd4 52. Kg4 Ke4 53. Kg3 Kf5 54. Kh2 Kf4 55. g3+ Ke4 56. Kg2 g5 57.
hxg5 hxg5 58. Kh2 Kf3 59. Ra3+ Kf2 60. Ra7 Ke3 61. Ra4 g4 62. Ra3+ Ke4 63. Ra5 Kd4 64.
Kg2 Ke3 65. Ra3+ Kd4 66. Ra5 Kc4 67. Ra7 Kb3 68. Rb7+ Kc3 69. Rc7+ Kd4 70. Rc2 Kxe5 71. Rb2 Kd4 72. Re2 Kd3 73. Rb2 Rg1+ 74. Kxg1 a1=Q+ 75. Kh2 Qxb2+ 76. Kh1 Ke3 77. Kg1 Kf3 78. Kh1 Qg2# 0-1

[Event "*** Titled Tuesday Blitz"]
[Site "Chess.com"]
[Date "2019.07.02"]
[Round "2"]
[White "axvesik"]
[Black "LoydBlankenship"]
[Result "1/2-1/2"]
[WhiteElo "2420"]
[BlackElo "2452"]
[TimeControl "180+2"]
[EndTime "13:26:15 PDT"]
[Termination "Game drawn - insufficient material"]

1. e4 e6 2. d4 d5 3. Nc3 Bb4 4.
exd5 exd5 5. Bd3 Nc6 6. a3 Bxc3+ 7. bxc3 Nge7 8. Qh5 Be6 9. Nf3 Qd6 10. Ng5 O-O-O 11. Nxf7 Bxf7 12. Qxf7 Rdf8 13. Qh5 g6 14. Qe2 Nf5 15.
O-O Kb8 16. a4 Re8 17. Qf3 Ng7 18. a5 Nd8 19. Bf4 Qd7 20. Be5 Rhf8 21. Qe2 Nh5 22. Bb5 Nc6 23. Rab1 Kc8 24. f4 Nxf4 25. Qd2 Ne6 26. a6 b6 27. Qd3 Ned8 28. c4 Rxf1+ 29.
Rxf1 dxc4 30. Qxc4 Kb8 31. Bf6 Rf8 32. d5 Qd6 33.
dxc6 Rxf6 34. Rxf6 Qxf6 35. h3 Qd6 36. Qe4 h5 37. Kf2 g5 38. g4 h4 39. Ke2 Qh2+ 40.
Kd3 Qxh3+ 41. Kc4 Qh2 42. Qe8 Qd6 43. Kb3 h3 44. Bf1 Qe6+ 45. Qxe6 Nxe6 46. Bxh3 Nd4+ 47. Kc4 Nxc6 48. Kb5 Nd4+ 49. Kc4 Nxc2 50. Kd5 c5 51.
Ke5 Kc7 52. Kf5 b5 53. Kxg5 Ne3 54. Kf4 Nxg4 55. Bxg4 Kb6 56. Ke4 Kxa6 57. Kd3 Ka5 58. Kc3 Ka4 59. Bd1+ Ka3 60. Be2 a6 61. Bf1 Ka4 62. Be2 a5 63. Bf1 b4+ 64. Kb2 c4 65.
Bxc4 b3 66. Bxb3+ Kb4 67. Ka2 Kc5 68. Ka3 Kd6 69. Ka4 Ke5 70. Kxa5 1/2-1/2

[Event "*** Titled Tuesday Blitz"]
[Site "Chess.com"]
[Date "2019.07.02"]
[Round "2"]
[White "Pluusje"]
[Black "Jabberwockiez"]
[Result "1/2-1/2"]
[WhiteElo "2237"]
[BlackElo "2219"]
[TimeControl "180+2"]
[EndTime "13:26:29 PDT"]
[Termination "Game drawn by stalemate"]

1. e4 c5 2. Nf3 Nc6 3. Nc3 d6 4.
g3 g6 5. Bg2 Bg7 6. O-O e6 7.
d3 Nge7 8. Be3 O-O 9. Ne1 Nd4 10. f4 f5 11. Qd2 Rb8 12. a4 a6 13. Nf3 b5 14. axb5 axb5 15. Bxd4 cxd4 16. Ne2 fxe4 17. dxe4 Qb6 18. Kh1 Nc6 19. Rfd1 e5 20. c3 exf4 21.
gxf4 dxc3 22. bxc3 b4 23. Rac1 bxc3 24. Nxc3 Bg4 25.
Nd5 Qb3 26. Qd3 Qxd3 27. Rxd3 Nb4 28. Nxb4 Rxb4 29. e5 Rbxf4 30. exd6 Bxf3 31. Bxf3 Rxf3 32. Rxf3 Rxf3 33. d7 Bf6 34. Rc8+ Kf7 35. d8=Q Bxd8 36. Rxd8 Rf2 37. Kg1 Re2 38. Rd7+ Re7 39. Rd4 Re2 40. Rd7+ Re7 41. Rd4 Kf6 42. Kg2 Re3 43. Rd7 h5 44.
Rd6+ Kf5 45. Rd5+ Kf4 46. Rd8 h4 47. Rf8+ Kg5 48. Ra8 h3+ 49. Kf2 Rb3 50. Ra5+ Kh4 51. Ra4+ Kh5 52. Ra5+ g5 53. Rd5 Kh4 54. Rd4+ g4 55. Rd8 Rb2+ 56. Kg1 Rb1+ 57. Kf2 Rb2+ 58. Kg1 Kg5 59. Rg8+ Kf4 60. Rf8+ Ke3 61. Re8+ Kf3 62. Rf8+ Ke2 63. Re8+ Kd1 64. Re7 Re2 65. Rxe2 Kxe2 66. Kh1 Kf3 67. Kg1 Ke2 68. Kh1 Kf3 69. Kg1 g3 70. hxg3 Kxg3 71. Kh1 h2 1/2-1/2

[Event "*** Titled Tuesday Blitz"]
[Site "Chess.com"]
[Date "2019.07.02"]
[Round "2"]
[White "chessking2151"]
[Black "MITerryble"]
[Result "0-1"]
[WhiteElo "2576"]
[BlackElo "2809"]
[TimeControl "180+2"]
[EndTime "13:26:30 PDT"]
[Termination "MITerryble won by resignation"]

1. e4 e6 2. d4 d5 3. Nc3 Nf6 4. e5 Nfd7 5. f4 c5 6. Nf3 Nc6 7. Ne2 Rb8 8. c3 b5 9. a3 a5 10. dxc5 Nxc5 11. Ned4 Nxd4 12. Nxd4 Bd7 13. Be3 Be7 14. g3 O-O 15. Bg2 b4 16. axb4 axb4 17. O-O bxc3 18. bxc3 Qc7 19. f5 exf5 20. Bf4 Be6 21. Qc2 Ne4 22. Rac1 Rfc8 23. Bd2 Bc5 24. Qd3 Rb2 25. Bf4 Qb6 26. Be3 g6 27. Rb1 h5 28.
Rxb2 Qxb2 29. Rb1 Qxc3 30. Bxe4 Bxd4 31. Bxd4 Qc4 32. Qxc4 Rxc4 33. Bxd5 Bxd5 34. Rb8+ Kg7 35. Bb2 Be6 36. Kf1 g5 37. Kg1 f4 38. gxf4 Rxf4 39.
Rd8 Rg4+ 40. Kf2 Rf4+ 41. Kg1 Kg6 42. Rd2 h4 43. Rf2 Rc4 44. Rd2 g4 45. Kf2 Rf4+ 46. Ke1 Bc4 47. Rf2 Re4+ 48. Kd2 Be6 49. Kd3 Re1 50.
Bc3 Rg1 51. Bd2 g3 52. Rf6+ Kh5 53. hxg3 Rxg3+ 54. Ke2 Ra3 55. Be1 h3 56. Rf4 Kg5 57. Rh4 Ra2+ 58. Kf1 Ra1 59. Rh8 Kf4 60. Kf2 Ra2+ 61.
Kf1 Bc4+ 62. Kg1 Rg2+ 63. Kh1 Bd5 64. Rh4+ Kg5 65. Rd4 Bf3 66. Rd3 Kf4 67. Rd4+ Kxe5 68. Rh4 Re2+ 69. Kg1 Rg2+ 70. Kf1 0-1

[Event "*** Titled Tuesday Blitz"]
[Site "Chess.com"]
[Date "2019.07.02"]
[Round "2"]
[White "alishersuleymenov"]
[Black "MateSchmate"]
[Result "1-0"]
[WhiteElo "2600"]
[BlackElo "2346"]
[TimeControl "180+2"]
[EndTime "13:26:30 PDT"]
[Termination "alishersuleymenov won by checkmate"]

1. d4 Nf6 2. Nf3 d5 3. Bf4 Bf5 4. c4 Nc6 5. Nc3 e6 6. e3 Ne4 7.
Qb3 Bb4 8. a3 Bxc3+ 9. bxc3 Na5 10. Qb4 Nxc4 11. Bxc4 dxc4 12. O-O g5 13. Bg3 h5 14. h4 gxh4 15. Bxh4 Qd6 16. Qxc4 Rg8 17. Kh1 Bg4 18. Ne5 c6 19. Qb4 Qxb4 20. axb4 f6 21. Nc4 Be2 22. Na5 Bxf1 23. Rxf1 Nxc3 24. Nxb7 Nd5 25.
e4 Nxb4 26. Bxf6 Kf7 27. Be5 Nd3 28. Bg3 Rg4 29. Bh2 Kg7 30. f3 Rg6 31. Ra1 a6 32.
Kg1 h4 33. Kf1 Nb2 34. Nc5 a5 35. Ra2 Nc4 36. Bf4 Rf8 37. Nd3 Ra8 38. Rc2 a4 39.
Rxc4 a3 40. Rc1 a2 41. Ra1 Ra3 42. Nc1 h3 43. Rxa2 hxg2+ 44. Rxg2 Rxf3+ 45. Rf2 Rc3 46. Ne2 Rc2 47. Rf3 Ra2 48. Kf2 Ra4 49. Nc3 Rc4 50. Ne2 Rc2 51. Be5+ Kg8 52. Ke3 Rg4 53. Kd3 Ra2 54. Nc3 Rag2 55. Kc4 Rc2 56. Kc5 Rxe4 57.
Kxc6 Rg4 58. Kd7 Rg6 59. Ne4 Kh7 60. Nf6+ Kh6 61. Kxe6 Rc6+ 62. Kd5 Ra6 63. Rh3+ Kg7 64. Ne4+ Kf8 65. Nd6 Ke7 66. Rh7+ Kf8 67. Rf7+ Kg8 68. Rf1 Ra7 69. Nf5 Rd7+ 70. Ke4 Rg4+ 71. Kd3 Rg6 72. Rf4 Re6 73. Ke4 Rg6 74. d5 Ra6 75. Nd4 Rg6 76.
Ne6 Kh7 77. Nf8+ Kh6 78. Nxd7 Rg1 79. Kf5 Rd1 80. Ke6 Kg5 81. Rf8 Re1 82. d6 Rd1 83.
Nf6 Re1 84. Nd5 Ra1 85. d7 Ra6+ 86. Bd6 Ra8 87. Rxa8 Kg4 88. Rf8 Kh5 89. Bb8 Kg6 90.
Nc7 Kh7 91. Kf6 Kh6 92. Rh8# 1-0